 Dungeon Crawl Stone Soup version 0.22-a0-782-g038298e (webtiles) character file.

186 Amnesiac the Magician (level 5, -5/41 HPs)
             Began as a Mummy Earth Elementalist on July 19, 2018.
             Slain by an orc priest
             ... wielding a +0 hand axe
              (6 damage)
             ... on level 5 of the Dungeon.
             The game lasted 00:05:21 (1901 turns).

Amnesiac the Magician (Mummy Earth Elementalist)    Turns: 1901, Time: 00:05:23

Health: -5/41      AC:  3    Str: 12    XL:     5   Next: 38%
Magic:  5/9        EV: 13    Int: 15    God:
Gold:   44         SH:  0    Dex: 12    Spells: 7/10 levels left

rFire    x . .     SeeInvis .   b - +2 hunting sling
rCold    + + .     Gourm    .   (no shield)
rNeg     + + +     Faith    .   c - +0 robe
rPois    ∞         Spirit   .   (no helmet)
rElec    .         Reflect  .   (no cloak)
rCorr    +         Harm     .   (no gloves)
MR       .....                  k - +0 pair of boots
Stlth    ++........             (no amulet)
HPRegen  0.13/turn              e - ring of protection from cold
MPRegen  0.11/turn              h - ring of resist corrosion

@: no status effects
A: no food or potions, fire vulnerability, cold resistance 1, negative energy
resistance 3, torment resistance, unbreathing
a: no special abilities


You were on level 5 of the Dungeon.
You were not hungry.

You visited 1 branch of the dungeon, and saw 5 of its levels.

You collected 44 gold pieces.

Inventory:

Hand Weapons
 a - a +2 spear of piercing
 b - a +2 hunting sling (weapon)
 d - a +3 rapier
Missiles
 i - 47 stones
 j - 9 sling bullets (quivered)
Armour
 c - a +0 robe (worn)
 k - a +0 pair of boots (worn)
Jewellery
 e - a ring of protection from cold (left hand)
 h - a ring of resist corrosion (right hand)


   Skills:
 - Level 3.0 Fighting
 - Level 3.0 Dodging
 - Level 1.5 Stealth
 + Level 3.1 Spellcasting
 - Level 0.7 Transmutations
 * Level 3.1 Earth Magic


You had 7 spell levels left.
You knew the following spells:

 Your Spells              Type           Power        Failure   Level  Hunger
a - Sandblast             Erth           ##....       5%          1    N/A
b - Passwall              Tmut/Erth      #.......     14%         2    N/A

Your spell library contained the following spells:

 Spells                   Type           Power        Failure   Level  Hunger
 Stone Arrow              Conj/Erth      #.....       30%         3    N/A
 Lee's Rapid Deconstruct  Erth           ##........   83%         5    N/A
 Petrify                  Tmut/Erth      #.......     65%         4    N/A

Dungeon Overview and Level Annotations

Branches:
Dungeon (4/15)
 Temple: D:4-7

Altars:


Innate Abilities, Weirdness & Mutations

You do not eat or drink.
Your flesh is vulnerable to fire.
You are immune to poison.
Your flesh is cold resistant. (rC+)
You are immune to negative energy. (rN+++)
You are immune to unholy pain and torment.
You can survive without breathing.


Message History

The orc priest casts a cantrip, but nothing happens.
The howler monkey hoots and howls with incredible vigour!
The orc priest closely misses you.
You hear a shout! x2
Really read
l - a scroll labeled KUGEBE PIWY {!r}?
As you read the scroll labeled KUGEBE PIWY {!r}, it crumbles to dust.
You feel as if something is helping you.
It was a scroll of remove curse {!r}.
The orc priest barely misses you. The howler monkey hits you.
* * * LOW HITPOINT WARNING * * *
Casting: Sandblast (safe; 5% risk of failure)
Confirm with . or Enter, or press ? or * to list all spells.
Aiming: Passwall (safe; 14% risk of failure)
Press: ? - help, Dir - move target cursor, p - orc priest A rock wall.
Okay, then.
You aren't carrying any scrolls.
Unknown command.
Casting: Passwall (safe; 14% risk of failure)
Confirm with . or Enter, or press ? or * to list all spells.
Aiming: Sandblast (safe; 5% risk of failure)
Press: ? - help, Shift-Dir - straight line, f/p - orc priest
Aim: an orc priest, wielding a hand axe and wearing a chain mail The blast of sand misses the orc priest.
The blast of sand hits the orc.
You kill the orc!
i - 50 stones The orc priest invokes the aid of Beogh against you.
Beogh smites you!
* * * LOW HITPOINT WARNING * * *
The howler monkey hits you.
* * * LOW HITPOINT WARNING * * *
Casting: Sandblast (safe; 5% risk of failure)
Confirm with . or Enter, or press ? or * to list all spells.
Aiming: Sandblast (safe; 5% risk of failure)
Press: ? - help, Shift-Dir - straight line, f/p - orc priest
Aim: an orc priest, wielding a hand axe and wearing a chain mail The blast of sand hits the orc priest.
i - 49 stones The howler monkey hits you but does no damage.
The orc priest hits you with a hand axe.
* * * LOW HITPOINT WARNING * * *
Casting: Sandblast (safe; 5% risk of failure)
Confirm with . or Enter, or press ? or * to list all spells.
Aiming: Sandblast (safe; 5% risk of failure)
Press: ? - help, Shift-Dir - straight line, f/p - orc priest
Aim: an orc priest, wielding a hand axe and wearing a chain mail The blast of sand hits the orc priest.
i - 48 stones The howler monkey barely misses you.
The orc priest hits you with a hand axe.
* * * LOW HITPOINT WARNING * * *
You aren't carrying any scrolls.
Unknown command.
Casting: Sandblast (safe; 5% risk of failure)
Confirm with . or Enter, or press ? or * to list all spells.
Aiming: Sandblast (safe; 5% risk of failure)
Press: ? - help, Shift-Dir - straight line, f/p - orc priest
Aim: an orc priest, wielding a hand axe and wearing a chain mail The blast of sand hits the orc priest.
i - 47 stones The howler monkey hoots and howls with incredible vigour!
The orc priest hits you with a hand axe.
You die...

#$....#
#.....#
#.##### #.#
#O# ..# #.#
#.# #Y# #.#
#.# #$#.
#.#####.####
#.#.
#OYh@o)...o.
#.!.
#######.####
#.#. #.#.
#o#.
#?####o#.
#..)...o.
........##
#########


You could see a two-headed ogre, an ice beast, a howler monkey, an orc priest
and an orc.

Vanquished Creatures
  An ogre (D:4)
  An orc wizard (D:5)
  Jessica (D:2)
  An adder (D:2)
  An adder skeleton (D:4)
  2 worms
  A dart slug (D:1)
  A leopard gecko (D:4)
  2 orcs
  A goblin (D:2)
  5 hobgoblins
  4 jackals (D:1)
  3 kobolds
  2 bats (D:2)
  3 frilled lizards
  2 rats
31 creatures vanquished.

Notes
Turn   | Place    | Note
-------+----------+-------------------------------------------
     0 | D:1      | Amnesiac the Mummy Earth Elementalist began the quest for the Orb.
     0 | D:1      | Reached XP level 1. HP: 13/13 MP: 4/4
   369 | D:1      | Reached XP level 2. HP: 19/19 MP: 3/5
   386 | D:1      | Learned a level 2 spell: Passwall
   680 | D:2      | Noticed Jessica
   684 | D:2      | Reached skill level 1 in Fighting
   684 | D:2      | Reached XP level 3. HP: 16/26 MP: 7/7
   689 | D:2      | Killed Jessica
  1186 | D:4      | Noticed an ogre
  1207 | D:4      | Reached XP level 4. HP: 29/33 MP: 8/8
  1228 | D:4      | Killed an ogre
  1228 | D:4      | Reached XP level 5. HP: 34/40 MP: 4/9
  1768 | D:4      | You fall through a shaft!
  1768 | D:5      | Entered Level 5 of the Dungeon
  1852 | D:5      | Noticed a two-headed ogre
  1881 | D:5      | Noticed an ice beast
  1900 | D:5      | HP: 1/41 [orc priest/hand axe (6)]
  1901 | D:5      | Slain by an orc priest

Vault maps used:
D:1:      kilobyte_arrival_exit_the_forest
D:2:      grunt_temple_overflow_open, chequers_big_river,
          minmay_divided_ellipse, uniq_jessica
D:3:      uniq_sigmund
D:4:      temple_statues, grunt_dithmenos_shadows, uniq_menkaure, uniq_pikel
D:5:      first_ration

Skill      XL: |  1  2  3  4  5 |
---------------+----------------+-----
Spellcasting   | 3 |  3.1
Earth Magic    | 3 |  3.1
Fighting       | 1 2 3 |  3.0
Dodging        | 2 3 |  3.0
Stealth        | |  1.5
Transmutations | |  0.7

Action                   |  1- 3 |  4- 6 || total
-------------------------+-------+-------++-------
Melee: Club              |    13 |       ||    13
       Spear             |    18 |       ||    18
 Fire: Hunting sling     |    49 |    20 ||    69
 Cast: Sandblast         |    10 |    20 ||    30
       Passwall          |       |     1 ||     1
  Use: Scroll            |     3 |     3 ||     6
 Stab: Sleeping          |     1 |       ||     1
Armor: Robe              |    14 |     3 ||    17
Dodge: Dodged            |    48 |    15 ||    63

Table legend:
 A = Spawn XP
 B = Non-spawn XP
 C = Spawn XP percentage of total XP
 D = Spawn monster count
 E = Non-spawn monster count
 F = Spawn count percentage of total count
 G = Total turns spent on level
                    A         B        C        D         E        F      G
               +---------+---------+-------+---------+---------+-------+---------
         Total |       0 |     267 |   0.0 |       0 |      31 |   0.0 |  1901
               +---------+---------+-------+---------+---------+-------+---------
           D:1 |       0 |      21 |   0.0 |       0 |      11 |   0.0 |   493
           D:2 |       0 |      61 |   0.0 |       0 |       9 |   0.0 |   445
           D:3 |       0 |      10 |   0.0 |       0 |       4 |   0.0 |   541
           D:4 |       0 |     132 |   0.0 |       0 |       5 |   0.0 |   289
           D:5 |       0 |      43 |   0.0 |       0 |       2 |   0.0 |   133
               +---------+---------+-------+---------+---------+-------+---------
